 Dungeon Crawl Stone Soup version 0.31-a0-662-g684573625c (webtiles) character file.

Game seed: 18355889612944619448

1221 Shayle the Ruffian (level 8, -1/72 HPs)
             Began as an Ogre Shapeshifter on Aug 31, 2023.
             Slain by an orc warrior
             ... wielding a +0 war axe
              (7 damage)
             ... on level 6 of the Dungeon.
             The game lasted 00:09:32 (5517 turns).

Shayle the Ruffian (Ogre Shapeshifter)              Turns: 5517, Time: 00:09:32

Health: -1/72      AC:  7    Str: 19    XL:     8   Next: 47%
Magic:  8/8        EV:  7    Int: 13    God:
Gold:   271        SH: 12    Dex:  8    Spells: 7/7 levels left

rFire   . . .        l - +4 club (spect)
rCold   . . .        i - +0 tower shield
rNeg    . . .        a - +0 animal skin
rPois   .            (helmet currently unavailable)
rElec   .            (cloak currently unavailable)
rCorr   .            (gloves unavailable)
SInv    .            (boots unavailable)
Will    .....        (no amulet)
Stlth   +            q - +4 ring of protection
HPRegen 0.32/turn    (no ring)
MPRegen 0.11/turn

%: no passive effects
@: beast-form, invisible
A: beast (slay +1), large, unfitting armour, tough skin 1
a: Begin Untransformation


You were on level 6 of the Dungeon.
You were a hulking beast.
You visited 1 branch of the dungeon, and saw 6 of its levels.

You collected 414 gold pieces.
You spent 143 gold pieces at shops.

Inventory:

Hand Weapons
 l - a +4 spectral club (weapon)
Armour
 a - a +0 animal skin (worn)
 i - a +0 tower shield (worn)
Jewellery
 q - a +4 ring of protection (left hand)
Talismans
 c - a beast talisman (active)
 d - a flux talisman
 t - a serpent talisman
Wands
 p - a wand of flame (11)
 y - a wand of digging (4)
Scrolls
 f - 2 scrolls of immolation {unknown}
 g - 7 scrolls of identify {unknown}
 k - 2 scrolls of enchant weapon {unknown}
 o - a scroll of noise {unknown}
 s - 4 scrolls of teleportation {unknown}
 u - 2 scrolls of amnesia {unknown}
 v - a scroll of revelation {unknown}
 w - 2 scrolls of blinking {unknown}
 x - 2 scrolls of fear {unknown}
 z - a scroll of vulnerability {unknown}
Potions
 b - 2 potions of lignification
 e - 2 potions of invisibility
 h - a potion of resistance {unknown}
 j - 2 potions of attraction {unknown}
 m - a potion of degeneration {unknown}
 r - a potion of enlightenment {unknown}


   Skills:
 - Level 2.0 Fighting
 + Level 5.4 Dodging
 + Level 5.3 Shields
 + Level 5.8 Unarmed Combat
 - Level 3.1 Shapeshifting


You had 7 spell levels left.
You didn't know any spells.
Your spell library contained the following spells:

 Spells                   Type           Power      Damage    Failure   Level
 Sublimation of Blood     Necr           0%         N/A       97%         2
 Stone Arrow              Conj/Erth      0%         3d7       100%        3
 Volatile Blastmotes      Fire/Tloc      0%         2d10      100%        3
 Animate Armour           Summ/Erth      0%         N/A       100%        4
 Cause Fear               Hex            0%         N/A       100%        4
 Fulminant Prism          Conj/Hex       0%         3d5       100%        4
 Iskenderun's Mystic Bla  Conj/Tloc      0%         2d3       100%        4
 Petrify                  Tmut/Erth      0%         N/A       100%        4
 Fireball                 Conj/Fire      0%         3d3       100%        5
 Irradiate                Conj/Tmut      0%         3d11      100%        5
 Lehudib's Crystal Spear  Conj/Erth      0%         10d2      100%        8
 Dragon's Call            Summ           0%         N/A       100%        9


Dungeon Overview and Level Annotations

Branches:
Dungeon (6/15)
 Temple: D:4-7

Altars:
Sif Muna
Wu Jian

Shops:
D:2 !*(

Annotations:
D:2 1 runed translucent door, Crazy Yiuf
D:5 5 runed translucent doors


Innate Abilities, Weirdness & Mutations

You are a hulking beast.
Your limbs bulge with bestial killing power. (Slay +1)
You are too large for most types of armour.
You have tough skin. (AC +1)


Message History

The orc warrior hits you with a +0 war axe!
The orc warrior hits your +4 spectral club with a +0 war axe.
Your spectral weapon shares its damage with you!
You hit the orc warrior.
The orc warrior is heavily wounded.
Your +4 spectral club barely misses the orc warrior.
The orc warrior hits your +4 spectral club with a +0 war axe!
Your spectral weapon shares its damage with you!
Your +4 spectral club disappears.
The orc warrior hits you with a +0 war axe.
* * * LOW HITPOINT WARNING * * *
x2 You hit the orc warrior.
The orc warrior is heavily wounded.
Your +4 spectral club barely misses the orc warrior.
You block the orc warrior's attack.
The orc warrior closely misses your +4 spectral club.
The orc warrior hits you with a +0 war axe.
* * * LOW HITPOINT WARNING * * *
The orc warrior closely misses your +4 spectral club.
You hit the orc warrior.
The orc warrior is severely wounded.
Your +4 spectral club hits the orc warrior but does no damage.
The orc warrior hits your +4 spectral club with a +0 war axe!
Your spectral weapon shares its damage with you!
You block the orc warrior's attack.
* * * LOW HITPOINT WARNING * * *
The orc warrior closely misses your +4 spectral club.
You block the orc warrior's attack.
It was a potion of invisibility.
You fade into invisibility!
Your +4 spectral club disappears.
You strike the helpless orc warrior from behind!
You hit the orc warrior.
The orc warrior is almost dead.
Your +4 spectral club hits the orc warrior but does no damage.
The orc hits your +4 spectral club with a +0 whip.
Your spectral weapon shares its damage with you!
* * * LOW HITPOINT WARNING * * *
The orc warrior hits you with a +0 war axe!
You die...

.)))...#.#.......#....### #.#
.#.##..#.##.#....#....# #.###
.#.##..#..............# #....
.#.###.#....#.##...#.############
(..# #...[.......#...............
#### #....# ####.#.............
.##########.... ########## #.###
#ho......# #.# #(######.# #.# #o#
#.# #.# # #o# #.# #.# #o# #.# #.#
#.# o. #.# #.# #.# #.######.#
#.#####.# #o.o)o...# #.......#
########## #########


You could see an orc warrior (unable to see you), an orc priest (unable to see
you), an orc (unable to see you, ally target) and a friendly +4 spectral club.

Vanquished Creatures
  A water moccasin (D:6)
  An ogre (D:6)
  A kobold brigand (D:6)
  A gnoll sergeant (D:6)
  6 scorpions
  A jelly (D:5)
  A hound (D:5)
  3 orc priests (D:3)
  Jessica (D:2)
  3 iguanas
  Natasha (thrice) (D:3)
  An orc wizard (D:5)
  7 adders
  3 gnolls (D:6)
  A white imp (D:5)
  An ufetubus (D:5)
  2 dart slugs
  15 orcs
  9 endoplasms
  A giant cockroach (D:1)
  4 goblins
  5 hobgoblins
  4 jackals (D:4)
  5 ball pythons
  5 bats
  7 frilled lizards
  10 kobolds
  2 rats
104 creatures vanquished.

Vanquished Creatures (others)
  A spectral weapon (D:6)
1 creature vanquished.

Grand Total: 105 creatures vanquished

Notes
Turn   | Place    | Note
-------+----------+-------------------------------------------
     0 | D:1      | Shayle the Ogre Shapeshifter began the quest for the Orb.
     0 | D:1      | Reached XP level 1. HP: 19/19 MP: 1/1
   122 | D:1      | Reached XP level 2. HP: 28/28 MP: 2/2
   584 | D:1      | Reached XP level 3. HP: 35/35 MP: 3/3
   831 | D:2      | Found a runed translucent door.
   832 | D:2      | Noticed Crazy Yiuf
   975 | D:2      | Found Adunisk's Distillery.
   977 | D:2      | Noticed Jessica
  1002 | D:2      | Killed Jessica
  1003 | D:2      | Reached skill level 1 in Shields
  1037 | D:2      | Bought 2 potions of heal wounds for 110 gold pieces
  1060 | D:2      | Reached XP level 4. HP: 40/42 MP: 4/4
  1130 | D:2      | Bought a potion of curing for 33 gold pieces
  1358 | D:2      | Found Ujinet's General Store.
  1445 | D:2      | Found Pyrhoiwi's Weapon Shop.
  2209 | D:4      | Reached XP level 5. HP: 49/49 MP: 5/5
  2315 | D:5      | Entered Level 5 of the Dungeon
  2541 | D:3      | Noticed Natasha
  2547 | D:3      | Killed Natasha
  2560 | D:3      | Reached XP level 6. HP: 5/57 MP: 6/6
  2835 | D:3      | Noticed Natasha
  2842 | D:3      | Killed Natasha
  2975 | D:3      | Noticed Natasha
  2992 | D:3      | Killed Natasha
  3505 | D:5      | Reached XP level 7. HP: 45/65 MP: 7/7
  3626 | D:5      | Found a runed translucent door.
  3627 | D:5      | Found a runed translucent gate.
  3628 | D:5      | Noticed a redback
  3628 | D:5      | Found a runed translucent gate.
  3635 | D:5      | Found a runed translucent door.
  3636 | D:5      | Found the +9 staff of Olgreb {rPois∞}
  3665 | D:5      | Found a runed translucent gate.
  3665 | D:5      | Noticed a redback
  3666 | D:5      | Noticed a redback
  3985 | D:5      | Reached skill level 5 in Unarmed Combat
  4248 | D:5      | Found an ornate altar of the Wu Jian Council.
  4541 | D:6      | Reached XP level 8. HP: 27/72 MP: 8/8
  4784 | D:6      | Reached skill level 5 in Dodging
  4844 | D:6      | Reached skill level 5 in Shields
  5295 | D:6      | Found a shimmering blue altar of Sif Muna.
  5517 | D:6      | Slain by an orc warrior

Illustrated notes

Levels and vault maps discovered:
D:1:      sevenhm_arrival_forest_fort_small_3, layout_basic,
          minmay_misc_feat_square
D:2:      layout_loops_cross, serial_shops, nicolae_shop_getting_attention,
          shop, shop, uniq_jessica, uniq_crazy_yiuf_cottage
D:3:      layout_basic, nrook_campfire, uniq_natasha
D:4:      cheibrodos_old_hovel, layout_basic, st_stairs_8
D:5:      layout_basic, mainiacjoe_overflow_alcove_4, serial_glass,
          glass_columns_b, glass_columns_a, glass_columns_a, glass_columns_b,
          glass_columns_c, item_on_display_a, feat_on_display,
          minmay_strange_pillars, minmay_guarded_unrand_staff_of_olgreb
D:6:      layout_basic, mainiacjoe_overflow_tiny_flanked

Skill      XL: |  1  2  3  4  5  6  7  8 |
---------------+-------------------------+-----
Dodging        | 2 3 4 5 |  5.4
Fighting       | 2 |  2.0
Unarmed Combat | 3 4 5 |  5.8
Shields        | 1 2 3 4 5 |  5.3
Shapeshifting  | |  3.1

Action                     |  1- 3 |  4- 6 |  7- 9 || total
---------------------------+-------+-------+-------++-------
  Melee: Unarmed           |    74 |       |       ||    74
         Punch             |     2 |       |       ||     2
         Club              |     1 |   102 |   112 ||   215
    Use: Potion            |       |     3 |     2 ||     5
   Stab: Distracted        |       |     1 |     2 ||     3
         Invisible         |       |       |     1 ||     1
 Armour: Animal skin       |    34 |    90 |    59 ||   183
  Dodge: Dodged            |    23 |    42 |    32 ||    97
  Block: Tower shield      |    15 |    61 |    68 ||   144

Table legend: (Time is in decaauts)
 A = Elapsed time spent in this place.
 B = Non-inter-level travel time spent in this place.
 C = Inter-level travel time spent in this place.
 D = Time resting spent in this place.
 E = Time spent auto-exploring this place.
 F = Levels seen in this place.
 G = Mean time per level.
                   A        B        C        D        E       F      G
               +--------+--------+--------+--------+--------+-----+--------+
         Total |   5668 |   5418 |    250 |    400 |   3919 |   6 |  944.7 |
       Dungeon |   5668 |   5418 |    250 |    400 |   3919 |   6 |  944.7 |
               +--------+--------+--------+--------+--------+-----+--------+

Top non-repeatable levels by time:
     D:5: 1436 daAuts
     D:6: 1122 daAuts
     D:3: 877 daAuts
     D:1: 817 daAuts
     D:2: 776 daAuts
     D:4: 639 daAuts
